Map: Abyssal Reef LE

Players

Artecia

  • Race: Zerg Zerg
  • League: Master
  • Spawn Location: 11:00

Maplez - Winner!

  • Race: Protoss Protoss
  • League: Master
  • Spawn Location: 5:00

VOD

Have the link to the VOD?

Description

Time

  • Played on: May 4, 2017, 12:16 p.m.
  • Length: 10:43
Show
View Real Time Build Order
Export as new Build Order

Artecia Zerg 

Build Orders: Pool First 

Get SALT Encoding   

  12  0:01  Drone  
  13  0:12  Overlord  
  13  0:17  Drone  
  14  0:24  Drone, Extractor  
  15  0:30  Drone  
  16  0:49  Drone x2  
  18  0:51  Spawning Pool  
  17  0:59  Drone  
  18  1:06  Extractor  
  17  1:12  Drone  
  18  1:25  Drone  
  18  1:29  Hatchery  
  18  1:32  Overlord  
  18  1:43  Queen  
  18  1:46  Zergling x2  
  21  1:50  Drone  
  22  1:59  Drone  
  23  2:14  Metabolic Boost  
  23  2:17  Drone  
  24  2:23  Queen  
  24  2:24  Overlord  
  26  2:35  Drone  
  27  2:42  Queen  
  27  2:43  Zergling x2  
  27  2:44  Zergling x2  
  31  2:52  Drone x4  
  31  2:56  Zergling x2  
  36  3:11  Hatchery  
  35  3:19  Drone x2  
  36  3:27  Drone  
  36  3:28  Drone x2  
  36  3:34  Drone x2  
  40  3:39  Drone x3  
  44  3:44  Overlord  
  44  3:51  Overlord  
  44  4:02  Spore Crawler  
  42  4:03  Spore Crawler  
  42  4:05  Overlord  
  42  4:06  Drone x3  
  42  4:09  Overlord  
  44  4:12  Drone  
  44  4:13  Drone x3  
  48  4:19  Drone  
  48  4:24  Drone x2  
  51  4:35  Drone  
  51  4:37  Spore Crawler  
  51  4:40  Drone x5  
  51  4:42  Drone  
  51  4:43  Drone  
  57  4:54  Drone x3  
  57  4:55  Drone x2  
  57  4:56  Drone  
  63  5:02  Hatchery  
  63  5:06  Overlord  
  62  5:08  Lair  
  62  5:09  Drone  
  62  5:10  Drone  
  62  5:11  Extractor  
  63  5:14  Extractor  
  63  5:16  Overlord  
  63  5:18  Extractor  
  61  5:22  Evolution Chamber  
  61  5:23  Drone x5  
  61  5:26  Drone  
  66  5:28  Drone  
  66  5:29  Extractor  
  66  5:30  Extractor  
  66  5:33  Drone  
  66  5:38  Drone x4  
  70  5:52  Zerg Missile Weapons Level 1, Drone  
  70  5:53  Drone x8  
  79  5:57  Drone  
  79  5:59  Baneling Nest  
  79  6:04  Zergling x6  
  82  6:14  Zergling x8  
  82  6:17  Zergling x4  
  87  6:18  Overlord  
  85  6:28  Zergling x6  
  85  6:29  Zergling x6  
  75  6:48  Hydralisk Den  
  75  6:53  Drone  
  75  6:54  Drone x14  
  80  6:58  Drone  
  85  7:02  Queen  
  87  7:17  Centrifical Hooks  
  87  7:18  Muscular Augments, Hydralisk x4  
  87  7:20  Overlord x3  
  87  7:22  Overlord x2, Extractor  
  95  7:23  Extractor  
  95  7:25  Overlord  
  95  7:29  Overlord  
  93  7:30  Hydralisk  
  95  7:38  Hydralisk x5  
  105  7:44  Hydralisk x2  
  105  7:45  Hydralisk  
  105  7:46  Zerg Ground Armor Level 1  
  105  7:48  Hydralisk  
  113  7:52  Hydralisk  
  113  7:53  Hydralisk x2  
  119  8:00  Hydralisk x3  
  125  8:06  Hydralisk  
  125  8:07  Hydralisk x3  
  132  8:21  Hydralisk x5  
  132  8:22  Hydralisk  
  144  8:34  Overlord x2  
  144  8:37  Hydralisk x3  
  150  8:51  Hydralisk x3  
  150  8:52  Hydralisk x4  
  150  8:55  Zergling x6  
  167  8:56  Overseer  
  167  9:05  Overlord  
  167  9:12  Baneling x13  
  167  9:21  Overlord x2  
  167  9:26  Baneling x2  
  167  9:27  Baneling x4  
  155  9:44  Zergling x2  
  155  9:45  Zergling x40  
  140  9:50  Zergling x2  
  114  9:59  Hydralisk  
  103  10:09  Hydralisk x5  
  103  10:10  Hydralisk x2  
  110  10:15  Baneling  
  110  10:16  Baneling x3  
  110  10:17  Baneling  
  110  10:18  Hydralisk, Baneling  
Show
View Real Time Build Order
Export as new Build Order

Maplez Protoss - Winner!

Build Orders: 1 Gate Expand, Oracle Opening, Zealot Archon 

Get SALT Encoding   

  12  0:01  Probe (Chrono Boost)  
  13  0:11  Probe (Chrono Boost)  
  14  0:18  Pylon  
  14  0:22  Probe (Chrono Boost)  
  15  0:36  Probe (Chrono Boost)  
  15  0:39  Gateway  
  16  0:47  Probe (Chrono Boost)  
  16  0:49  Assimilator  
  17  0:57  Probe (Chrono Boost)  
  17  1:02  Pylon  
  18  1:08  Probe (Chrono Boost)  
  19  1:18  Probe (Chrono Boost)  
  20  1:29  Nexus  
  20  1:32  Probe (Chrono Boost)  
  21  1:42  Cybernetics Core  
  21  1:45  Probe (Chrono Boost)  
  22  1:53  Pylon  
  22  1:58  Assimilator  
  22  2:01  Probe (Chrono Boost)  
  23  2:08  Pylon  
  23  2:11  Probe (Chrono Boost)  
  24  2:17  Adept  
  24  2:22  Warp Gate  
  26  2:27  Probe (Chrono Boost)  
  27  2:35  Cybernetics Core  
  27  2:41  Probe (Chrono Boost)  
  27  2:43  Adept  
  28  2:49  Probe (Chrono Boost)  
  31  2:52  Probe (Chrono Boost)  
  32  3:00  Probe (Chrono Boost)  
  32  3:04  Stargate  
  33  3:07  Probe (Chrono Boost)  
  33  3:11  Probe (Chrono Boost)  
  35  3:17  Probe (Chrono Boost)  
  36  3:21  Probe (Chrono Boost)  
  37  3:28  Adept  
  39  3:34  Mothership Core (Chrono Boost)  
  39  3:35  Gateway  
  39  3:36  Pylon  
  39  3:38  Probe (Chrono Boost)  
  40  3:44  Oracle, Gateway  
  40  3:49  Probe (Chrono Boost)  
  40  3:54  Probe (Chrono Boost), Pylon  
  45  3:59  Probe (Chrono Boost)  
  46  4:06  Probe (Chrono Boost)  
  48  4:10  Probe (Chrono Boost), Twilight Council  
  49  4:17  Phoenix  
  49  4:18  Probe (Chrono Boost)  
  49  4:20  Probe (Chrono Boost)  
  52  4:30  Probe (Chrono Boost)  
  53  4:35  Nexus  
  53  4:39  Pylon  
  53  4:40  Pylon  
  53  4:42  Resonating Glaives  
  53  4:43  Adept  
  55  4:48  Probe x2 (Chrono Boost)  
  57  4:54  Assimilator  
  57  4:56  Assimilator  
  58  5:00  Probe (Chrono Boost)  
  58  5:02  Probe (Chrono Boost)  
  58  5:06  Adept  
  61  5:12  Probe (Chrono Boost), Adept x2  
  67  5:14  Probe (Chrono Boost)  
  67  5:23  Pylon  
  67  5:24  Probe (Chrono Boost)  
  67  5:26  Probe (Chrono Boost)  
  69  5:31  Adept  
  72  5:36  Probe (Chrono Boost)  
  72  5:37  Pylon  
  72  5:38  Probe (Chrono Boost)  
  72  5:41  Sentry, Adept  
  77  5:48  Probe x2 (Chrono Boost), Pylon  
  80  5:51  Probe (Chrono Boost)  
  80  5:59  Robotics Facility  
  80  6:00  Probe (Chrono Boost), Forge  
  80  6:02  Probe (Chrono Boost)  
  80  6:03  Probe (Chrono Boost)  
  83  6:07  Adept x3  
  90  6:12  Probe (Chrono Boost)  
  90  6:13  Probe (Chrono Boost)  
  90  6:16  Probe (Chrono Boost)  
  90  6:18  Templar Archives  
  92  6:22  Protoss Ground Weapons Level 1  
  92  6:23  Probe (Chrono Boost)  
  92  6:25  Probe (Chrono Boost)  
  94  6:28  Probe (Chrono Boost), Adept x3  
  101  6:33  Probe (Chrono Boost)  
  101  6:37  Probe (Chrono Boost)  
  104  6:40  Probe (Chrono Boost)  
  104  6:44  Probe (Chrono Boost), Psionic Storm  
  103  6:47  Gateway  
  103  6:48  Gateway  
  103  6:49  Probe (Chrono Boost)  
  103  6:51  Gateway  
  103  6:53  Probe (Chrono Boost), Warp Prism  
  97  6:56  Probe (Chrono Boost)  
  97  7:02  Probe (Chrono Boost), Adept, High Templar x2  
  102  7:08  Assimilator, Archon  
  102  7:09  Assimilator  
  102  7:25  Pylon  
  102  7:26  Pylon  
  102  7:28  Pylon  
  102  7:29  Immortal, Adept  
  108  7:30  Gateway  
  108  7:33  Gateway  
  108  7:34  Gateway  
  108  7:44  High Templar x2  
  112  7:51  Gateway  
  112  7:54  Adept x2, Gateway  
  112  7:55  Adept x2  
  120  8:01  Protoss Ground Weapons Level 2  
  120  8:05  Robotics Facility  
  120  8:07  Pylon  
  120  8:08  Immortal  
  124  8:20  Zealot  
  124  8:21  Zealot x3  
  122  8:36  Nexus  
  122  8:37  High Templar x3  
  122  8:39  Pylon  
  122  8:40  Pylon  
  128  8:44  Immortal  
  128  8:47  Charge  
  132  8:50  Immortal  
  136  8:58  Zealot x2  
  136  8:59  Zealot x5  
  150  9:05  Photon Cannon  
  150  9:08  Photon Cannon  
  150  9:11  Photon Cannon  
  150  9:14  Photon Cannon  
  150  9:17  High Templar x2  
  150  9:22  Archon  
  154  9:27  Adept x5  
  156  9:43  Archon  
  156  9:44  Adept  
  156  9:45  Adept x3  
  136  9:52  Probe (Chrono Boost)  
  117  9:54  Adept x4  
  117  9:55  Adept x3  
  135  10:14  High Templar x2  
  133  10:32  Zealot x3, High Templar x2  
  133  10:33  Zealot x4  
  133  10:35  Assimilator  
  151  10:36  Assimilator  
  151  10:38  Pylon  
Tags
 
Add a new tag
Caveats
  • Supply blocks, unpowered buildings, or Contaminate may cause inaccurate times.
  • Supply counts are checked every 10 seconds.